 Dungeon Crawl Stone Soup version 0.27.0-1-g7a089689b8 (webtiles) character file.

Game seed: 12239579087401516687

30 Almogavar the Conjurer (level 3, -2/19 HPs)
             Began as a Tengu Conjurer on July 31, 2021.
             Slain by Sigmund (7 damage)
             ... on level 2 of the Dungeon.
             The game lasted 00:03:18 (1344 turns).

Almogavar the Conjurer (Tengu Conjurer)             Turns: 1344, Time: 00:03:18

Health: -2/19      AC:  2    Str:  7    XL:     3   Next: 18%
Magic:  2/7        EV: 12    Int: 19    God:
Gold:   0          SH:  0    Dex: 12    Spells: 3/6 levels left

rFire    . . .     SeeInvis .   e - +0 long sword
rCold    . . .     Faith    .   (no shield)
rNeg     . . .     Spirit   .   a - +0 robe
rPois    .         Reflect  .   (helmet restricted)
rElec    .         Harm     .   (no cloak)
rCorr    .         Rampage  .   (no gloves)
Will     .....                  (boots unavailable)
Stlth    ++........             (no amulet)
HPRegen  0.06/turn              (no ring)
MPRegen  0.10/turn              (no ring)

@: no status effects
A: beak, talons 3
a: no special abilities


You were on level 2 of the Dungeon.
You visited 1 branch of the dungeon, and saw 2 of its levels.

Inventory:

Hand Weapons
 c - a +0 short sword
 e - a +0 long sword (weapon)
Armour
 a - a +0 robe (worn)
 g - a +0 ring mail
Scrolls
 d - a scroll of teleportation {unknown}
 f - a scroll of noise {unknown}
 h - a scroll of magic mapping {unknown}
Potions
 b - 2 potions of curing {unknown}


   Skills:
 + Level 2.3 Dodging
 + Level 2.2 Stealth
 + Level 2.2 Spellcasting
 + Level 6.2 Conjurations


You had 3 spell levels left.
You knew the following spells:

 Your Spells              Type           Power      Damage    Failure   Level
a - Magic Dart            Conj           100%       1d8       1%          1
b - Searing Ray           Conj           50%        3d5       1%          2

Your spell library contained the following spells:

 Spells                   Type           Power      Damage    Failure   Level
 Dazzling Flash           Conj/Hex       28%        N/A       14%         3
 Fulminant Prism          Conj/Hex       7%         3d7       41%         4
 Iskenderun's Mystic Bla  Conj/Tloc      14%        2d5       41%         4


Dungeon Overview and Level Annotations

Branches:
Dungeon (2/15)

Altars:

Annotations:
D:2 Sigmund


Innate Abilities, Weirdness & Mutations

You have a beak for a mouth.
You have claws for feet.


Message History

The searing ray hits the endoplasm!
You kill the endoplasm! (Press . to maintain the ray.) Magic restored.
Found a stone staircase leading down.
There is a stone staircase leading down here.
A bat, a rat and Sigmund come into view.
Sigmund is wielding a +0 scythe of flaming.
Sigmund shouts!
Casting: Searing Ray (safe; 1% risk of failure)
Confirm with . or Enter, or press ? or * to list all spells.
Aiming: Magic Dart (safe; 1% risk of failure)
Press: ? - help, Shift-Dir - straight line, f - bat
Aim: a bat (100% to hit)
The magic dart hits the bat.
You kill the bat!
Casting: Magic Dart (safe; 1% risk of failure)
Confirm with . or Enter, or press ? or * to list all spells.
Aiming: Searing Ray (safe; 1% risk of failure)
Press: ? - help, Shift-Dir - straight line, f - Sigmund
Aim: Sigmund, wielding a +0 scythe of flaming and wearing a +0 robe (77% to hit)
The searing ray hits Sigmund!
Sigmund is moderately wounded. (Press . to maintain the ray.)
A worm comes into view.
The searing ray hits Sigmund!
Sigmund is heavily wounded.
The searing ray hits the worm!
The worm is heavily wounded.
Sigmund misses you.
The searing ray hits Sigmund!
Sigmund is almost dead.
The searing ray hits the worm!
You kill the worm!
The rat twitches its whiskers.
Sigmund hits you from afar with a +0 scythe of flaming!
Ouch! That really hurt!
* * * LOW HITPOINT WARNING * * *
Sigmund burns you!
You die...

##..# ...#
#.......# ####..#
#.......# <..#..#
+.......+
......#####.......#
...##.##..+.......#
...#......#.......#
.....###..#.......#
#..#......#.....@.#
...####........>#.#
#### #..###.##.#.@.
#.......#.##.†..
#..###.##.# ......
#.## #.##.# ......
#.# #.##.# ###+#
#.# #.##.# ..
#.##.#


You could see Sigmund.

Vanquished Creatures
  A worm (D:2)
  3 ball pythons (D:1)
  4 endoplasms
  2 giant cockroaches (D:1)
  A goblin (D:1)
  A hobgoblin (D:1)
  4 kobolds (D:1)
  7 bats
  4 frilled lizards (D:1)
27 creatures vanquished.

Notes
Turn   | Place    | Note
-------+----------+-------------------------------------------
     0 | D:1      | Almogavar the Tengu Conjurer began the quest for the Orb.
     0 | D:1      | Reached XP level 1. HP: 10/10 MP: 4/4
   198 | D:1      | Reached XP level 2. HP: 15/15 MP: 0/6
   257 | D:1      | Learned a level 2 spell: Searing Ray
   369 | D:1      | Found a faded altar of an unknown god.
   597 | D:1      | Reached skill level 6 in Conjurations
   830 | D:1      | Reached XP level 3. HP: 19/19 MP: 4/7
  1340 | D:2      | Noticed Sigmund
  1344 | D:2      | Slain by Sigmund

Illustrated notes

Levels and vault maps discovered:
D:1:      elethiomel_arrival_quiet, layout_loops_corners,
          dreamdust_ecumenical_altar_statues
D:2:      layout_basic, uniq_sigmund

Skill      XL: |  1  2 |
---------------+-------+-----
Conjurations   | 6 |  6.2
Dodging        | |  2.3
Stealth        | |  2.2
Spellcasting   | |  2.2

Action                   || total
-------------------------++-------
 Cast: Magic Dart        ||    39
       Searing Ray       ||     5
Armor: Robe              ||     2
Dodge: Dodged            ||     6
